 Dungeon Crawl Stone Soup version 0.31-a0-202-g547052bce9 (webtiles) character file.

Game seed: 12388495071483962538

16 qw the Shooter (level 2, -1/16 HPs)
             Began as a Deep Elf Hunter on June 26, 2023.
             Killed from afar by Sigmund (5 damage)
             ... with a magic dart
             ... on level 2 of the Dungeon.
             The game lasted 00:00:21 (771 turns).

qw the Shooter (Deep Elf Hunter)                     Turns: 771, Time: 00:00:21

Health: -1/16      AC:  5    Str:  8    XL:     2   Next: 41%
Magic:  4/4        EV: 10    Int: 13    God:
Gold:   1296       SH:  0    Dex: 18    Spells: 1/1 levels left

rFire   . . .        Y - +0 shortbow
rCold   . . .        (shield currently unavailable)
rNeg    . . .        b - +0 ring mail
rPois   .            (no helmet)
rElec   .            (no cloak)
rCorr   .            (no gloves)
SInv    .            (no boots)
Will    +....        (no amulet)
Stlth   +            l - ring of willpower
HPRegen 0.22/turn    (no ring)
MPRegen 0.09/turn

%: no passive effects
@: no status effects
A: no striking features
a: no special abilities


You were on level 2 of the Dungeon.
You visited 1 branch of the dungeon, and saw 2 of its levels.

You collected 1296 gold pieces.


   Skills:
 - Level 1.5 Fighting
 + Level 6.2 Ranged Weapons
 - Level 2.4 Dodging
 - Level 1.2 Stealth


You had one spell level left.
You didn't know any spells.
Your spell library was empty.

Inventory:

Hand Weapons
 Y - a +0 shortbow (weapon)
Armour
 b - a +0 ring mail (worn)
Jewellery
 l - a ring of willpower (left hand)
Potions
 d - a potion of enlightenment
 e - a potion of haste {unknown}
 g - 4 potions of curing
 h - a potion of lignification {unknown}
 k - a potion of attraction {unknown}

Dungeon Overview and Level Annotations

Branches:
Dungeon (2/15)

Altars:

Annotations:
D:2 Sigmund


Message History

Found 6 poisoned darts.
A kobold comes into view. It is wielding a +0 whip.
You shoot an arrow. The kobold shouts!
The arrow hits the kobold.
The kobold is severely wounded.
A bat comes into view.
A hobgoblin comes into view.
The bat moves out of view.
You shoot an arrow. The arrow hits the hobgoblin.
The hobgoblin is lightly wounded.
You shoot an arrow. The arrow hits the hobgoblin.
You kill the hobgoblin!
You shoot an arrow. The arrow hits the kobold.
You kill the kobold!
Sigmund the Dreaded comes into view.
He is wielding a +0 scythe.
You see here a scroll labelled ARCHASS ROHO.
You shoot an arrow. The arrow closely misses Sigmund.
You shoot an arrow. The arrow hits the bat.
The bat is moderately wounded.
The bat closely misses you. Sigmund looks at you with fury.
Sigmund casts a spell at you. You resist with almost no effort.
You shoot an arrow. The arrow hits the bat!
You kill the bat!
You shoot an arrow. The arrow barely misses Sigmund.
You shoot an arrow. The arrow hits Sigmund.
Sigmund is moderately wounded.
Sigmund misses you.
You shoot an arrow. The arrow closely misses Sigmund.
Sigmund completely misses you.
You shoot an arrow. The arrow hits Sigmund.
Sigmund is heavily wounded.
Sigmund looks at you with fury. Sigmund casts a spell at you.
The puff of flame hits you!
Ouch! That really hurt!
Sigmund points at you and mumbles some strange words.
The magic dart hits you.
You die...

##.. .### #... ##.#
.....#... ...## ..(..#..#
#... ### ##.......
###.######.# ........#
#...#..<##.####
#.......####.#............
#.....@?.@....#..########.
..............#..^........
#.....).......#.##########
......##......#....#
...#.. #.......###.# ..
#.. #######.# # . #. #.#
## #.# #..


You could see Sigmund.

Vanquished Creatures
  A dart slug (D:1)
  2 endoplasms (D:1)
  A goblin (D:1)
  A hobgoblin (D:2)
  A quokka (D:1)
  2 ball pythons (D:1)
  3 bats
  A frilled lizard (D:1)
  A kobold (D:2)
  2 rats (D:1)
15 creatures vanquished.

Notes
Turn   | Place    | Note
-------+----------+-------------------------------------------
     0 | D:1      | qw the Deep Elf Hunter began the quest for the Orb.
     0 | D:1      | Reached XP level 1. HP: 12/12 MP: 3/3
     0 | D:1      | 0 ||| qw: Version: 0.3-a-22-g0ed2b0b
     0 | D:1      | 0 ||| qw: Game counter: 5892
     0 | D:1      | 0 ||| qw: Melee chars always use a shield: true
     0 | D:1      | 0 ||| qw: God list: Okawaru
     0 | D:1      | 0 ||| qw: Allow faded altars: false
     0 | D:1      | 0 ||| qw: Do Orc after clearing Dungeon:15 true
     0 | D:1      | 0 ||| qw: Do second Lair branch before Depths: true
     0 | D:1      | 0 ||| qw: Lair rune preference: random
     0 | D:1      | 0 ||| qw: Goals: Normal
     0 | D:1      | 0 ||| PLANNING D:1-11
    23 | D:1      | 23 ||| DROPPING scroll of butterflies.
   205 | D:1      | Reached XP level 2. HP: 16/16 MP: 4/4
   367 | D:1      | Reached skill level 6 in Ranged Weapons
   641 | D:1      | 641 ||| UPGRADING to +0 ring mail.
   651 | D:1      | 651 ||| DROPPING +0 leather armour.
   652 | D:1      | 652 ||| UPGRADING to ring of willpower.
   653 | D:1      | 653 ||| READING 2 scrolls labelled JATENOLLYBB.
   654 | D:1      | 654 ||| READING scroll labelled DIAKOCZ AWIYK.
   655 | D:1      | 655 ||| READING scroll labelled XIPEHU GAOCSE.
   655 | D:1      | Identified a scroll of acquirement
   655 | D:1      | 655 ||| ACQUIRING 1240 gold pieces
   655 | D:1      | Acquired 1240 gold pieces
   657 | D:1      | 657 ||| READING scroll labelled DEABLE ZUYGOI.
   658 | D:1      | 658 ||| READING scroll labelled MAKORU SAISHUOS.
   659 | D:1      | 659 ||| DRINKING 2 purple potions.
   660 | D:1      | 660 ||| DRINKING 5 brown potions.
   661 | D:1      | 661 ||| DROPPING scroll of vulnerability.
   693 | D:2      | 693 ||| STAIRDANCE
   705 | D:2      | 705 ||| STAIRDANCE
   762 | D:2      | Noticed Sigmund
   769 | D:2      | HP: 4/16 [Sigmund/puff of flame (12)]
   771 | D:2      | Killed from afar by Sigmund

Levels and vault maps discovered:
D:1:      roderic_crop_circles_arrival_small, layout_basic,
          nicolae_kite_square_tiling_tiny
D:2:      layout_basic, ebering_ecumenical_altar_petrified, basic_altar,
          minmay_statues_item, nicolae_figureground_pulse, uniq_sigmund

Skill      XL: |  1  2 |
---------------+-------+-----
Ranged Weapons | 6 |  6.2
Fighting       | |  1.5
Dodging        | |  2.4
Stealth        | |  1.2

Action                     || total
---------------------------++-------
   Fire: Shortbow          ||    43
    Use: Scroll            ||     5
         Potion            ||     2
 Armour: Ring mail         ||     1
  Dodge: Dodged            ||    10

Table legend:
 A = Non-vault XP
 B = Vault XP
 C = Vault XP percentage of total XP
 D = Non-vault monster count
 E = Vault monster count
 F = Vault count percentage of total count
                 A         B        C        D         E       F
            +---------+---------+-------+---------+---------+-------
      Total |      24 |       0 |   0.0 |      15 |       0 |   0.0
            +---------+---------+-------+---------+---------+-------
        D:1 |      20 |       0 |   0.0 |      12 |       0 |   0.0
        D:2 |       4 |       0 |   0.0 |       3 |       0 |   0.0
            +---------+---------+-------+---------+---------+-------
